 Dungeon Crawl Stone Soup version 0.19-a0-1091-g463c9de (webtiles) character file.

3793 aronpayne the Fighter (level 9, -8/74 HPs)
             Began as a Demonspawn Fighter on Aug 6, 2016.
             Was a Follower of Okawaru.
             Killed by Ozocubu's Refrigeration
             ... invoked by Fannar
              (13 damage)
             ... on level 1 of the Lair of Beasts on Aug 7, 2016.
             The game lasted 00:35:57 (8031 turns).

aronpayne the Fighter (Demonspawn Fighter)          Turns: 8031, Time: 00:35:59

Health: -8/74      AC: 12    Str: 19    XL:     9   Next: 96%
Magic:  0/9        EV: 13    Int: 14    God:    Okawaru [*.....]
Gold:   459        SH: 14    Dex: 18    Spells: 0 memorised, 8 levels left

rFire  + + .     SeeInvis .     B - +4 flail of Slime {flame, Int+4}
rCold  . . .     Gourm    .     V - +1 ring mail {rPois}
rNeg   . . .     Faith    .     c - +1 shield
rPois  +         Spirit   +     e - +1 hat
rElec  .         Dismiss  .     R - +0 cloak of Wuohes Uptan {rF++ MR- Dex+5} (curse)
rCorr  .         Reflect  .     z - +0 pair of gloves
SustAt .         Harm     .     (no boots)
MR     .....                    (no amulet)
Stlth  +.........               (no ring)
                                (no ring)

@:
A: claws 2, horns 1, large bone plates 1, high mp 1, wild magic 1, magic shield,
magic regeneration
a: Heroism, Renounce Religion


You were on level 1 of the Lair of Beasts.
You worshipped Okawaru.
Okawaru was aware of your devotion.
You were hungry.

You visited 3 branches of the dungeon, and saw 11 of its levels.
You also visited: Sewer.

You collected 459 gold pieces.

Inventory:

Hand Weapons
 a - a +1 flail
 B - the +4 flail of Slime (weapon) {flame, Int+4}
   (You found it on level 4 of the Dungeon)

   It has been specially enchanted to burn those struck by it, causing extra
   injury to most foes and up to half again as much damage against particularly
   susceptible opponents.
   It affects your intelligence (+4).
 F - a +2 whip of freezing
 L - a +0 flail of venom
Missiles
 k - 3 throwing nets (quivered)
Armour
 c - a +1 shield (worn)
 e - a +1 hat (worn)
 i - a +1 ring mail of fire resistance
 z - a +0 pair of gloves (worn)
 R - the cursed +0 cloak of Wuohes Uptan (worn) {rF++ MR- Dex+5}
   (You found it on level 8 of the Dungeon)

   It affects your dexterity (+5).
   It greatly protects you from fire.
   It affects your resistance to hostile enchantments.
   It has a curse placed upon it.
 V - a +1 ring mail of poison resistance (worn)
Wands
 b - a wand of iceblast (0/15)
 n - a wand of iceblast (11/15)
 o - a wand of disintegration (0/24)
 P - a wand of random effects (13/48)
 S - a wand of lightning (0/15)
Scrolls
 j - 3 scrolls of identify
 l - 2 scrolls of fear
 q - 5 scrolls of recharging
 t - a scroll of blinking
 v - 7 scrolls of remove curse
 w - 3 scrolls of amnesia
 x - 4 scrolls of fog {unknown}
 y - a scroll of enchant armour
 D - 6 scrolls of teleportation
 G - 3 scrolls of silence {unknown}
Potions
 d - a potion of might
 h - 11 potions of flight {unknown}
 m - 3 potions of agility {unknown}
 p - a potion of berserk rage {unknown}
 r - 2 potions of resistance {unknown}
 s - 4 potions of degeneration {unknown}
 u - a potion of heal wounds {unknown}
 A - 3 potions of mutation {unknown}
 C - 2 potions of cure mutation {unknown}
 E - a potion of cancellation {unknown}
 H - a potion of curing
 K - a potion of lignification {unknown}
 N - 2 potions of brilliance {unknown}
 Q - a potion of ambrosia {unknown}
 T - a potion of invisibility {unknown}
Comestibles
 f - 7 bread rations
 g - 5 beef jerkies
 I - a royal jelly
 J - 2 fruits
 M - 2 meat rations
 O - 7 slices of pizza


   Skills:
 + Level 8.2 Fighting
 + Level 5.7 Maces & Flails
 + Level 6.2 Armour
 + Level 5.2 Dodging
 + Level 6.3 Shields


You had 8 spell levels left.
You didn't know any spells.

Dungeon Overview and Level Annotations

Branches:
Dungeon (9/15)             Temple (1/1) D:7            Lair (1/6) D:9
    Orc: D:9-12

Altars:
Ashenzari
Dithmenos
Elyvilon
Gozag
Hepliaklqana
Kikubaaqudgha
Makhleb
Nemelex Xobeh
Okawaru
Pakellas
Ru
Sif Muna
Trog
Uskayaw
Yredelemnul
Zin
The Shining One

Shops:
D:5 =   D:7 *   D:9 ?

Annotations:
Lair:1 Fannar


Innate Abilities, Weirdness & Mutations

You have very sharp fingernails.
You are partially covered in large bone plates. (AC +2, SH +2)
When hurt, damage is shared between your health and your magic reserves.
You regenerate magic rapidly.
You have a pair of small horns on your head.
You have an increased reservoir of magic. (+10% MP)
Your spells are a little harder to cast, but a little more powerful.


Message History

Fannar is frozen.
Fannar resists.
Fannar is moderately wounded.
Fannar casts a spell.
You miss Fannar. You headbutt Fannar, but do no damage.
Fannar is moderately wounded.
Fannar hits you with a quarterstaff of freezing.
* * * LOW HITPOINT WARNING * * *
Fannar freezes you.
You closely miss the ice beast. Your headbutt misses the ice beast.
You sock Fannar!
Fannar's icy armour evaporates.
You burn Fannar.
Fannar is moderately wounded.
The ice beast hits you but does no damage.
Fannar hits you but does no damage.
You miss Fannar.
Fannar is moderately wounded.
The ice beast barely misses you.
Fannar gestures wildly while chanting.
Fannar drains the heat from the surrounding environment!
You feel very cold.
You die...

#<.....#
#####......#
##..P#......#
#......#..#.#
#..######## #
#..# . #.##
... #†#
#..###@#
#...eY#
......#...#
...#. .......
. # ......###
..#......
..##.......
.?. #........
... #..$####.


You could see Fannar and an ice beast.

Vanquished Creatures
  Pikel (D:5)
  Prince Ribbit (D:5)
  Grinder (D:6)
  A two-headed ogre (D:9)
  Sigmund (D:3)
  A human (D:7)
  A hungry ghost (D:8)
  A hippogriff (Lair:1)
  A hell hound (D:9)
  A water moccasin (Lair:1)
  An ice beast (D:6)
  2 sky beasts
  A necrophage (D:5)
  3 ogres
  The ghost of eragonby the Skirmisher, an amateur GrFi of Zin (D:3)
  A giant frog (Lair:1)
  A scorpion (D:4)
  A water moccasin skeleton (D:6)
  2 howler monkeys (D:9)
  7 crimson imps
  An orc priest (D:7)
  A gnoll shaman (D:6)
  3 hounds
  4 orc wizards
  An iguana (D:9)
  4 worker ants
  Ijyb (D:3)
  A killer bee zombie (D:5)
  4 sheep (D:7)
  A hound skeleton (D:6)
  5 gnolls (D:6)
  6 adders
  A shadow imp (D:5)
  5 oozes
  An adder zombie (D:6)
  2 adder skeletons
  6 worms
  4 dart slugs
  9 giant geckos
  17 orcs
  12 giant cockroaches
  5 goblins
  12 hobgoblins
  8 jackals
  7 quokkas
  2 ball pythons (Sewer)
  13 bats
  5 giant newts
  2 kobolds
  7 rats
180 creatures vanquished.

Notes
Turn   | Place    | Note
-------+----------+-------------------------------------------
     0 | D:1      | aronpayne the Demonspawn Fighter began the quest for the Orb.
     0 | D:1      | Reached XP level 1. HP: 18/18 MP: 1/1
   201 | D:1      | Gained mutation: When hurt, damage is shared between your health and your magic reserves. [demonic ancestry]
   201 | D:1      | Reached XP level 2. HP: 22/24 MP: 2/2
   733 | D:2      | Reached XP level 3. HP: 29/29 MP: 3/3
  1274 | D:2      | Found a shattered altar of Ashenzari.
  1276 | D:2      | Found a burning altar of Makhleb.
  1277 | D:2      | Found a basalt altar of Yredelemnul.
  1278 | D:2      | Found an opulent altar of Gozag.
  1278 | D:2      | Found a hide-covered altar of Uskayaw.
  1449 | D:2      | Reached skill level 1 in Dodging
  1580 | D:2      | Found a white marble altar of Elyvilon.
  1654 | D:3      | Gained mutation: You have sharp fingernails. [demonic ancestry]
  1654 | D:3      | Reached XP level 4. HP: 35/35 MP: 4/4
  1659 | D:3      | Noticed eragonby's ghost (amateur GrFi)
  1672 | D:3      | Killed eragonby's ghost
  1672 | D:3      | Reached XP level 5. HP: 29/41 MP: 3/5
  2085 | D:3      | Noticed Ijyb
  2094 | D:3      | Killed Ijyb
  2210 | D:3      | Noticed Sigmund
  2233 | D:3      | Killed Sigmund
  2233 | D:3      | Reached skill level 4 in Fighting
  2233 | D:3      | Gained mutation: You are partially covered in large bone plates. (AC +2, SH +2) [demonic ancestry]
  2233 | D:3      | Reached XP level 6. HP: 15/48 MP: 0/6
  2928 | D:4      | Got an encrusted flail
  3058 | D:4      | Found a glowing drain.
  3078 | Sewer    | Entered a sewer
  4097 | D:5      | Entered Level 5 of the Dungeon
  4174 | D:5      | Reached XP level 7. HP: 50/55 MP: 7/7
  4215 | D:5      | Noticed Prince Ribbit
  4235 | D:5      | Killed Prince Ribbit
  4235 | D:5      | Reached skill level 5 in Fighting
  4627 | D:5      | Found Kicod's Jewellery Emporium.
  4689 | D:5      | Noticed Pikel
  4711 | D:5      | Killed Pikel
  4711 | D:5      | Reached skill level 6 in Fighting
  4711 | D:5      | Reached skill level 5 in Armour
  4711 | D:5      | Reached skill level 5 in Shields
  4711 | D:5      | Gained mutation: You regenerate magic rapidly. [demonic ancestry]
  4711 | D:5      | Reached XP level 8. HP: 41/64 MP: 5/8
  4715 | D:5      | Identified the +4 flail of Slime {flame, Int+4} (You found it on level 4 of the Dungeon)
  4743 | D:5      | Found a shadowy altar of Dithmenos.
  5347 | D:6      | Noticed Grinder
  5365 | D:6      | Killed Grinder
  5559 | D:6      | Reached skill level 7 in Fighting
  5713 | D:6      | Reached XP level 9. HP: 72/72 MP: 9/9
  5720 | D:6      | Gained mutation: Your spells are a little harder to cast, but a little more powerful. [mutagenic meat]
  5723 | D:6      | Gained mutation: You have very sharp fingernails. [mutagenic meat]
  5726 | D:6      | Gained mutation: You have an increased reservoir of magic. (+10% MP) [mutagenic meat]
  6618 | D:7      | Reached skill level 5 in Maces & Flails
  6651 | D:7      | Found a staircase to the Ecumenical Temple.
  6666 | D:7      | Found Naisime's Assorted Antiques.
  6704 | Temple   | Entered the Ecumenical Temple
  6708 | Temple   | Became a worshipper of Warmaster Okawaru
  6998 | D:8      | Got a distressingly furry cloak
  7004 | D:8      | Identified the cursed +0 cloak of Wuohes Uptan {rF++ MR- Dex+5} (You found it on level 8 of the Dungeon)
  7248 | D:9      | Found a staircase to the Lair.
  7433 | D:9      | Gained mutation: You have a pair of small horns on your head. [mutagenic meat]
  7458 | D:9      | Found a deep blue altar of Sif Muna.
  7625 | D:9      | Upgraded the game from 0.19-a0-1079-g88a7474 to 0.19-a0-1091-g463c9de
  7686 | D:9      | Reached * piety under Okawaru
  7719 | D:9      | Reached skill level 8 in Fighting
  7721 | D:9      | Reached skill level 5 in Dodging
  7772 | D:9      | Found Tibi's Magic Scroll Shoppe.
  7874 | D:9      | Found a sparkling altar of Nemelex Xobeh.
  7953 | Lair:1   | Entered Level 1 of the Lair of Beasts
  7971 | Lair:1   | Noticed Fannar
  8031 | Lair:1   | Killed from afar by Fannar

Vault maps used:
D:1:      ncdulo_wetmaze
D:2:      lemuel_crystal_altar, grunt_temple_overflow_open
D:3:      first_bread, uniq_sigmund, uniq_iyjb
D:4:      gup_sewer_entry_bubbles
D:5:      grunt_dithmenos_shadows, serial_shops, nicolae_shop_behind_doors,
          uniq_pikel, uniq_prince_ribbit1
D:6:      uniq_grinder
D:7:      serial_shops, kennysheep_mini_moat, grunt_livestock,
          kennysheep_generic_room_14
D:9:      nemelex_altar_shiori, minmay_lair_entry_lava, serial_shops,
          kennysheep_mini, basic_altar
Temple:   zaba_magenta_temple
Lair:1:   grunt_megastairs_2, uniq_fannar
Sewer:    sewer_fruit_machine

Skill      XL: |  1  2  3  4  5  6  7  8  9 |
---------------+----------------------------+-----
Maces & Flails | 2 3 4 5 |  5.7
Shields        | 3 4 5 6 |  6.3
Armour         | 3 4 5 6 |  6.2
Dodging        | 1 2 3 5 |  5.2
Fighting       | 4 6 7 8 |  8.2

Action                   |  1- 3 |  4- 6 |  7- 9 || total
-------------------------+-------+-------+-------++-------
Melee: Flail             |   138 |   217 |   372 ||   727
       Unarmed           |       |       |    14 ||    14
       Headbutt          |       |       |    12 ||    12
Evoke: Wand              |       |       |     7 ||     7
  Use: Scroll            |     7 |     3 |     6 ||    16
       Potion            |       |     5 |     4 ||     9
  Eat: Chunk             |     2 |     4 |    12 ||    18
       Meat ration       |       |     1 |     1 ||     2
       Beef jerky        |       |       |     1 ||     1
Armor: Ring mail         |    60 |    60 |   104 ||   224
       Scale mail        |     1 |       |       ||     1
Dodge: Dodged            |    39 |    74 |   121 ||   234
Block: Shield            |    69 |   154 |   232 ||   455
